 Dungeon Crawl Stone Soup version 0.30-a0-937-ga0a21ad780 (webtiles) character file.

Game seed: 1411616449299005727

96382 NinjaNoafa the Eclecticist (level 17, -9/105 HPs)
             Began as a Meteoran Conjurer on Mar 23, 2023.
             Was a High Priest of Vehumet.
             Killed from afar by a spriggan druid (35 damage)
             ... with a stone arrow
             ... on level 3 of the Swamp on Mar 24, 2023.
             The game lasted 01:03:21 (12125 turns).

NinjaNoafa the Eclecticist (Meteoran Conjurer)     Turns: 12125, Time: 01:03:22

Health: -9/105     AC: 17    Str:  7    XL:     17   Next: 21%
Magic:  20/37      EV: 17    Int: 39    God:    Vehumet [*****.]
Gold:   2059       SH:  8    Dex: 14    Spells: 6/46 levels left

rFire   . . .      SeeInvis .    a - staff of conjuration
rCold   + + .      Faith    .    w - +3 buckler of the Bells {rC++ Str-2 Int+6}
rNeg    . . .      Spirit   .    m - +4 troll leather armour
rPois   .          Reflect  .    g - +2 hat
rElec   .          Rampage  .    (no cloak)
rCorr   +                        q - +1 pair of gloves
Will    ++...                    t - +2 pair of boots
Stlth   +                        (no amulet)
HPRegen 1.17/turn                k - ring of resist corrosion
MPRegen 0.25/turn                Y - +6 ring of intelligence

@: very slightly contaminated, glowing
A: sense surroundings 2, otherworldly, glowing, explore regen
a: Renounce Religion


You were on level 3 of the Swamp.
You worshipped Vehumet.
Vehumet was extremely pleased with you.
You visited 5 branches of the dungeon, and saw 23 of its levels.
You also visited: Ice Cave.

You collected 2059 gold pieces.

Inventory:

Missiles
 e - 2 throwing nets
 p - 17 javelins
 y - 66 poisoned darts
 I - 14 boomerangs
 K - 5 curare-tipped darts
 O - 2 silver boomerangs
Armour
 g - a +2 hat (worn)
 m - a +4 troll leather armour (worn)
 q - a +1 pair of gloves (worn)
 t - a +2 pair of boots (worn)
 w - the +3 buckler of the Bells (worn) {rC++ Str-2 Int+6}
   (You found it on level 4 of the Dungeon)

   Str:       It affects your strength (-2).
   Int:       It affects your intelligence (+6).
   rC:        It greatly protects you from cold.
Magical Staves
 a - a staff of conjuration (weapon)
Jewellery
 k - a ring of resist corrosion (left hand)
 J - a ring of positive energy
 N - a ring of flight
 Q - a ring of protection from cold
 Y - a +6 ring of intelligence (right hand)
Wands
 l - a wand of charming (30)
 E - a wand of flame (30)
 F - a wand of iceblast (10)
 L - a wand of polymorph (14)
 P - a wand of digging (5)
 S - a wand of mindburst (20)
 W - a wand of light (6)
Scrolls
 f - 3 scrolls of summoning
 h - 3 scrolls of enchant weapon
 i - 7 scrolls of teleportation
 n - a scroll of poison {unknown}
 o - 2 scrolls of amnesia {unknown}
 r - a scroll of blinking {unknown}
 A - 4 scrolls of immolation
 C - 5 scrolls of fog {unknown}
 G - 3 scrolls of torment
 H - 6 scrolls of fear
 M - a scroll of silence {unknown}
 T - a scroll of vulnerability {unknown}
 U - 2 scrolls of magic mapping {unknown}
 X - 2 scrolls of identify
Potions
 b - a potion of magic
 c - 7 potions of might
 d - 3 potions of heal wounds
 j - 4 potions of attraction
 s - 6 potions of flight
 u - 9 potions of curing
 v - 4 potions of mutation
 x - 3 potions of lignification
 z - a potion of ambrosia
 B - 4 potions of brilliance
 D - a potion of berserk rage {unknown}
 R - 2 potions of resistance
 V - 3 potions of haste {unknown}


   Skills:
 - Level 14.0 Fighting
 - Level 8.0 Armour
 - Level 14.0 Dodging
 - Level 1.4 Stealth
 - Level 6.0 Shields
 - Level 15.1 Spellcasting
 - Level 10.0 Conjurations
 - Level 8.0 Translocations
 + Level 9.8 Transmutations
 - Level 10.0 Fire Magic
 + Level 9.8 Air Magic
 - Level 1.5 Earth Magic
 - Level 4.0 Evocations


You had 6 spell levels left.
You knew the following spells:

 Your Spells              Type           Power      Damage    Failure   Level
a - Stone Arrow           Conj/Erth      100%       3d13      1%          3
b - Plasma Beam           Fire/Air       41%        2x1d60    1%          5
c - Irradiate             Conj/Tmut      51%        3d28      1%          5
d - Magic Dart            Conj           100%       1d8       1%          1
e - Blink                 Tloc           100%       N/A       1%          2
f - Iskenderun's Mystic   Conj/Tloc      99%        2d19      1%          4
g - Iskenderun's Battles  Conj           100%       2d15      1%          5
h - Fireball              Conj/Fire      51%        3d20      1%          5
i - Momentum Strike       Conj/Tloc      100%       3d10      1%          2
j - Searing Ray           Conj           100%       2d8       1%          2
k - Starburst             Conj/Fire      51%        6d14      1%          6

Your spell library contained the following spells:

 Spells                   Type           Power      Damage    Failure   Level
 Orb of Destruction       Conj           51%        9d13      8%          7
 Foxfire                  Conj/Fire      100%       2x1d9     1%          1
 Kiss of Death            Conj/Necr      100%       2d13      1%          1
 Sting                    Tmut/Pois      100%       1d8       1%          1
 Lesser Beckoning         Tloc           100%       N/A       1%          2
 Poisonous Vapours        Pois/Air       100%       N/A       1%          2
 Dazzling Flash           Conj/Hex       100%       N/A       1%          3
 Frozen Ramparts          Ice            58%        1d9       1%          3
 Mephitic Cloud           Conj/Pois/Air  88%        N/A       1%          3
 Portal Projectile        Hex/Tloc       100%       N/A       1%          3
 Fulminant Prism          Conj/Hex       40%        3d19      1%          4
 Blade Hands              Tmut           41%        N/A       1%          5
 Ice Form                 Ice/Tmut       61%        N/A       2%          4
 Yara's Violent Unravell  Hex/Tmut       30%        3d13      2%          5
 Call Imp                 Summ           29%        N/A       3%          2
 Olgreb's Toxic Radiance  Pois           29%        N/A       5%          4
 Confusing Touch          Hex            29%        N/A       6%          3
 Tukima's Dance           Hex            29%        N/A       6%          3
 Dispel Undead            Necr           29%        3d13      21%         4
 Summon Ice Beast         Ice/Summ       29%        N/A       21%         4
 Summon Mana Viper        Hex/Summ       29%        N/A       50%         5
 Summon Cactus Giant      Summ           14%        N/A       97%         6
 Enfeeble                 Hex            14%        N/A       100%        7
 Haunt                    Necr/Summ      14%        N/A       100%        7
 Monstrous Menagerie      Summ           14%        N/A       100%        7


Dungeon Overview and Level Annotations

Branches:
Dungeon (13/15) Zot: 589   Temple (1/1) D:4 Zot: 188    Lair (5/5) D:9 Zot: 127
  Swamp (3/4) Lair:2 Zot: 715   Snake (0/4) Lair:2        Slime (1/5) Lair:4 Zot: 552
    Orc (0/2) D:12          IceCv (visited)
 Vaults: D:13-14

Altars:
Ashenzari
Cheibriados
Dithmenos
Elyvilon
Fedhas
Gozag
Hepliaklqana
Kikubaaqudgha
Makhleb
Nemelex Xobeh
Okawaru
Qazlal
Ru
Sif Muna
Trog
Uskayaw
Vehumet
Wu Jian
Xom
Yredelemnul
Zin
The Shining One
Jiyva

Shops:
D:5 *   D:8 (   D:10 (

Portals:
Trove: D:12 (give 12 potions of heal wounds)

Annotations:
Swamp:3 Mara


Innate Abilities, Weirdness & Mutations

You passively map the area around you.
You are easily found by Zot.
You glow in the dark.
You regain HP and MP as you explore.


Message History

Mara collides with your battlesphere!
Your battlesphere is severely damaged.
Mara is severely wounded.
You are engulfed in a cloud of scalding steam.
Your battlesphere fires!
The barrage of energy hits Mara but does no damage.
Mara is severely wounded.
Mara hits you with a +3 demon whip of freezing!
* * * LOW HITPOINT WARNING * * *
Mara freezes you.
* * * LOW HITPOINT WARNING * * *
Found a stone staircase leading up.
Casting: Iskenderun's Mystic Blast (safe; 1% risk of failure)
Confirm with . or Enter, or press ? or * to list all spells.
You feel a surge of power!
You erupt in a fountain of uncontrolled magic!
Mara is blasted with magical radiation!!!
You kill Mara!
Mara shimmers and vanishes!
You are very lightly contaminated with residual magic.
You are engulfed in a cloud of scalding steam.
Your battlesphere fires!
The barrage of energy hits Mara!
Mara is moderately wounded.
Casting: Irradiate (mildly dangerous; 1% risk of failure)
Confirm with . or Enter, or press ? or * to list all spells.
Casting: Plasma Beam (mildly dangerous; 1% risk of failure)
Press: ? - help, Dir - look around, f - activate The bolt of lightning misses Mara.
The fiery plasma misses Mara.
You are engulfed in a cloud of scalding steam.
* * * LOW HITPOINT WARNING * * *
Your battlesphere fires!
The barrage of energy hits Mara.
Mara is moderately wounded.
Mara blinks!
The spriggan druid casts a spell.
The spriggan druid is healed somewhat.
You are engulfed in a cloud of scalding steam.
The spriggan druid casts a spell at you.
The stone arrow hits you!!
You die...

*..... ♣♣.>♣♣♣♣♣
.§~..♣♣.~.♣§§~♣ *
, *
..<.♣~......♣* ~,
*♣♣~♣~...§~§~♣ ~
♣♣..~.~~~§R~♣ * *
~ , ~
♣...~~~§~~§§♣♣ *
, ♣♣§§§~~..~~.~♣
* , ~
♣§~§~..~†~§.~♣**
,
♣♣.§i§~@*~~~♣~~~
, *~, ~~
♣~.~~~.<.§§~~...
,
♣♣.§..♣♣R....§~~
, , , ♣.§~..
♣§....~~~ ~ ~
♣.~~.},~~§§~.~♣♣,
~ ~~~,, ♣♣...
.♣~~~♣♣♣ * ~ , ,
♣... .*.~.♣ ~ ,
... ~, ♣♣♣♣ * ~
~, ,,~~~ * ~


You could see 2 Maras, a spriggan druid and a friendly battlesphere.

Vanquished Creatures
  Gastronok (Lair:3)
  An acid blob (Slime:1)
  2 thorn hunters
  2 ghouls (Swamp:1)
  Nessos (Lair:4)
  2 eleionomae (Swamp:2)
  2 dire elephants
  2 bunyips
  A shambling mangrove (Swamp:2)
  A fire dragon (Lair:5)
  Fannar (D:10)
  Josephine (Lair:4)
  6 hydras
  3 catoblepae
  A boulder beetle (D:11)
  4 alligators
  2 two-headed ogres (D:10)
  Urug (D:10)
  Sonja (Lair:4)
  Nergalle (Lair:3)
  2 fire crabs
  A skyshark (Lair:5)
  Amaemon (Lair:2)
  5 goliath frogs
  2 spriggan druids (Swamp:1)
  A swamp dragon (Swamp:2)
  4 skeletal warriors (D:12)
  2 lindwurms (Lair:5)
  6 bog bodies
  2 shining eyes (Slime:1)
  2 ugly things
  2 will-o-the-wisps
  An oklob plant (D:11)
  34 elephants
  A cyclops (D:11)
  3 ice statues (IceCv)
  A manticore (D:11)
  A guardian serpent (Lair:2)
  Joseph (D:8)
  3 torpor snails (Lair:4)
  8 black mambas
  3 molten gargoyles (Lair:5)
  An orange demon (Lair:2)
  Maggie (D:10)
  2 gargoyles
  7 cane toads
  14 komodo dragons
  10 rime drakes
  A freezing wraith (IceCv)
  3 kobold demonologists
  2 trolls
  A bloated husk (Swamp:1)
  2 polar bears
  2 tyrant leeches
  2 hornets
  12 blink frogs (Lair:2)
  A dream sheep (Lair:5)
  16 slime creatures
  A shadow (D:12)
  6 spriggans
  2 dire elephant simulacra (IceCv)
  6 wraiths
  4 steam dragons
  3 golden eyes (Slime:1)
  36 yaks
  2 vampires
  12 wyverns
  3 vampire mosquitoes (Swamp:2)
  2 death yak simulacra (IceCv)
  9 basilisks
  2 wargs (D:9)
  A hydra simulacrum (IceCv)
  2 swamp worms
  5 hell hounds (Lair:5)
  9 orc warriors
  12 water moccasins
  2 black bears
  2 ice beasts
  3 sky beasts (D:7)
  2 ogres (D:4)
  6 centaurs
  10 wolves
  2 phantoms
  13 bullfrogs
  6 kobold brigands
  A necrophage (Swamp:1)
  2 cane toad simulacra (IceCv)
  11 wights
  2 troll zombies (Swamp:1)
  13 killer bees
  A troll skeleton (Swamp:1)
  5 howler monkeys
  5 lava snakes (Lair:5)
  10 orc priests
  A gnoll bouda (D:5)
  5 hounds
  2 iguanas (D:5)
  4 jellies
  Terence (D:3)
  8 orc wizards
  6 hell rats (Lair:4)
  A polar bear simulacrum (IceCv)
  15 gnolls (D:5)
  4 adders
  2 shadow imps
  2 ufetubi
  3 dart slugs
  23 orcs
  A bat (D:1)
  9 endoplasms
  A giant cockroach (D:1)
  7 hobgoblins
  19 kobolds
  3 quokkas
  5 ball pythons
  4 goblins
  4 rats
  3 briar patches (Swamp:2)
545 creatures vanquished.

Vanquished Creatures (others)
  2 bloated husks
  A vampire mosquito (Swamp:2)
  A briar patch (Swamp:2)
  2 foxfires (Swamp:1)
  85 fungi
  78 plants
  7 toadstools (Swamp:1)
176 creatures vanquished.

Grand Total: 721 creatures vanquished

Notes
Turn   | Place    | Note
-------+----------+-------------------------------------------
     0 | D:1      | NinjaNoafa the Meteoran Conjurer began the quest for the
                  | Orb.
     0 | D:1      | Reached XP level 1. HP: 14/14 MP: 5/5
   197 | D:1      | Reached skill level 5 in Conjurations
   235 | D:1      | Reached skill level 3 in Spellcasting
   235 | D:1      | Reached XP level 2. HP: 18/20 MP: 2/7
   295 | D:1      | Learned a level 2 spell: Searing Ray
   500 | D:1      | Glimpsed the power of Zot.
   570 | D:1      | Reached XP level 3. HP: 26/26 MP: 3/8
   916 | D:2      | Found a glowing silver altar of Zin.
  1101 | D:2      | Glimpsed the power of Zot.
  1151 | D:2      | Glimpsed the power of Zot.
  1225 | D:3      | Noticed Terence
  1292 | D:3      | Killed Terence
  1293 | D:3      | Reached XP level 4. HP: 9/33 MP: 5/10
  1345 | D:3      | Reached skill level 4 in Spellcasting
  1606 | D:3      | You fall into a shaft and drop 1 floor!
  1631 | D:4      | Reached XP level 5. HP: 31/38 MP: 5/13
  1635 | D:4      | Reached skill level 5 in Spellcasting
  1635 | D:4      | Reached skill level 1 in Translocations
  1692 | D:4      | Noticed a black bear
  1698 | D:4      | Killed a black bear
  1699 | D:4      | Reached XP level 6. HP: 45/45 MP: 8/15
  1737 | D:4      | Noticed an ogre
  1797 | D:4      | Killed an ogre
  1798 | D:4      | Reached skill level 6 in Spellcasting
  1798 | D:4      | Reached XP level 7. HP: 48/50 MP: 11/17
  1848 | D:4      | Learned a level 2 spell: Blink
  2036 | D:4      | Identified the +3 buckler of the Bells {rC++ Str-2 Int+6}
  2107 | D:4      | Found a staircase to the Ecumenical Temple.
  2116 | Temple   | Entered the Ecumenical Temple
  2304 | Temple   | Became a worshipper of Vehumet
  2584 | D:4      | Learned a level 2 spell: Momentum Strike
  2713 | D:4      | Glimpsed the power of Zot.
  2720 | D:5      | Entered Level 5 of the Dungeon
  2812 | D:5      | Found Piguisod's Lightly-Used Armoury.
  2864 | D:5      | Identified the +2 ring mail of Modesty {Drain Str+3 Int+3
                  | Dex+7}
  2895 | D:5      | Reached skill level 1 in Shields
  2949 | D:5      | Reached skill level 1 in Armour
  2979 | D:5      | Reached XP level 8. HP: 57/57 MP: 11/19
  3314 | D:5      | Glimpsed the power of Zot.
  3364 | D:5      | Glimpsed the power of Zot.
  3396 | D:6      | Reached * piety under Vehumet
  3396 | D:6      | Offered knowledge of Sandblast by Vehumet.
  3397 | D:6      | Reached skill level 5 in Translocations
  3570 | D:6      | Gained mutation: You passively map the area around you.
                  | [Meteoran growth]
  3570 | D:6      | Reached XP level 9. HP: 61/62 MP: 9/20
  3575 | D:6      | Learned a level 4 spell: Iskenderun's Mystic Blast
  3600 | D:6      | Reached skill level 7 in Spellcasting
  3914 | D:6      | Glimpsed the power of Zot.
  3966 | D:7      | Reached skill level 8 in Spellcasting
  3983 | D:7      | Found a glowing silver altar of Zin.
  3998 | D:7      | Found a sacrificial altar of Ru.
  4062 | D:7      | Reached skill level 9 in Spellcasting
  4135 | D:7      | Reached ** piety under Vehumet
  4135 | D:7      | Offered knowledge of Shock by Vehumet.
  4135 | D:7      | Noticed a hornet
  4140 | D:7      | Reached skill level 10 in Spellcasting
  4145 | D:7      | Killed a hornet
  4146 | D:7      | Reached XP level 10. HP: 69/69 MP: 7/25
  4352 | D:8      | Reached skill level 11 in Spellcasting
  4352 | D:8      | Reached skill level 1 in Fighting
  4480 | D:8      | Reached skill level 5 in Armour
  4480 | D:8      | Reached skill level 5 in Shields
  4522 | D:8      | Noticed Joseph
  4618 | D:8      | Got the Reference Book on Phantasms
  4635 | D:8      | Offered knowledge of Stone Arrow by Vehumet.
  4641 | D:8      | Reached skill level 5 in Dodging
  4735 | D:8      | Learned a level 3 spell: Stone Arrow
  4767 | D:8      | Found Fodghupn's Antique Weapon Shoppe.
  4861 | D:8      | Killed Joseph
  4870 | D:8      | Reached XP level 11. HP: 50/85 MP: 8/27
  5061 | D:9      | Reached skill level 5 in Fighting
  5080 | D:9      | Reached *** piety under Vehumet
  5146 | D:9      | Found a staircase to the Lair.
  5332 | D:9      | Offered knowledge of Kindle Blastsparks by Vehumet.
  5613 | D:10     | Entered Level 10 of the Dungeon
  5613 | D:10     | Noticed Urug
  5623 | D:10     | Killed Urug
  5758 | D:10     | Reached **** piety under Vehumet
  5795 | D:10     | Noticed Maggie
  5801 | D:10     | Killed Maggie
  5888 | D:10     | Found Biqoe's Weapon Boutique.
  5940 | D:10     | Reached XP level 12. HP: 92/103 MP: 19/28
  6014 | D:10     | Noticed Fannar
  6032 | D:10     | Killed Fannar
  6033 | D:10     | Reached skill level 10 in Dodging
  6266 | D:10     | Noticed a two-headed ogre
  6270 | D:10     | Killed a two-headed ogre
  6333 | D:10     | Glimpsed the power of Zot.
  6369 | D:10     | Noticed a two-headed ogre
  6378 | D:10     | Reached skill level 10 in Fighting
  6379 | D:10     | Killed a two-headed ogre
  6382 | D:10     | Glimpsed the power of Zot.
  6422 | D:10     | Glimpsed the power of Zot.
  6432 | D:10     | Touched by the power of Zot.
  6533 | D:11     | Offered knowledge of Iskenderun's Battlesphere by Vehumet.
  6534 | D:11     | Reached skill level 12 in Spellcasting
  6636 | D:11     | Noticed a boulder beetle
  6645 | D:11     | Killed a boulder beetle
  6731 | D:11     | Reached skill level 1 in Earth Magic
  6824 | D:11     | Found a blossoming altar of Fedhas.
  6999 | D:11     | Learned a level 5 spell: Iskenderun's Battlesphere
  7068 | D:12     | Found a portal to a secret trove of treasure.
  7105 | D:12     | Found a frozen archway.
  7108 | D:12     | Noticed a skeletal warrior
  7108 | D:12     | Noticed a skeletal warrior
  7109 | D:12     | Noticed a skeletal warrior
  7114 | IceCv    | Entered an ice cave
  7122 | IceCv    | Upgraded the game from 0.30-a0-930-gb9d0489357 to
                  | 0.30-a0-937-ga0a21ad780
  7134 | IceCv    | Identified the +11 trident of Noclasch {drain, Will+ Dex+3}
  7153 | IceCv    | Reached XP level 13. HP: 74/91 MP: 15/30
  7302 | IceCv    | Learned a level 5 spell: Fireball
  7458 | D:12     | Reached skill level 1 in Fire Magic
  7561 | D:12     | Found a staircase to the Orcish Mines.
  7580 | D:12     | Reached skill level 13 in Spellcasting
  7661 | D:12     | Reached ***** piety under Vehumet
  7672 | D:12     | Learned a level 6 spell: Starburst
  7674 | D:12     | Offered knowledge of Irradiate by Vehumet.
  7675 | D:12     | Reached skill level 5 in Fire Magic
  7955 | D:12     | Glimpsed the power of Zot.
  8005 | D:12     | Glimpsed the power of Zot.
  8065 | Lair:1   | Entered Level 1 of the Lair of Beasts
  8565 | Lair:1   | Glimpsed the power of Zot.
  8581 | Lair:2   | Found a staircase to the Swamp.
  8785 | Lair:2   | Found a staircase to the Snake Pit.
  8833 | Lair:2   | Reached skill level 10 in Conjurations
  8833 | Lair:2   | Reached skill level 10 in Fire Magic
  8834 | Lair:2   | Reached XP level 14. HP: 74/99 MP: 11/32
  8913 | Lair:2   | Noticed Amaemon
  8919 | Lair:2   | Killed Amaemon
  8994 | Lair:2   | Noticed a dire elephant
  9046 | Lair:2   | Killed a dire elephant
  9061 | Lair:2   | Learned a level 5 spell: Irradiate
  9084 | Lair:2   | Reached skill level 1 in Transmutations
  9162 | Lair:2   | Glimpsed the power of Zot.
  9178 | Lair:2   | Reached skill level 5 in Transmutations
  9213 | Lair:3   | Noticed Nergalle
  9219 | Lair:3   | Killed Nergalle
  9245 | Lair:3   | Noticed Gastronok
  9253 | Lair:3   | Killed Gastronok
  9376 | Lair:3   | Offered knowledge of Plasma Beam by Vehumet.
  9384 | Lair:3   | Learned a level 5 spell: Plasma Beam
  9395 | Lair:3   | Reached skill level 1 in Air Magic
  9557 | Lair:3   | Reached XP level 15. HP: 106/106 MP: 21/33
  9762 | Lair:3   | Glimpsed the power of Zot.
  9810 | Lair:4   | Reached skill level 5 in Air Magic
  9956 | Lair:4   | Found a runed translucent door.
  9956 | Lair:4   | Found a viscous altar of Jiyva.
  9960 | Lair:4   | Found a staircase to the Slime Pits.
  9960 | Lair:4   | Noticed Josephine
  9975 | Lair:4   | Killed Josephine
 10033 | Lair:4   | Noticed Nessos
 10039 | Lair:4   | Killed Nessos
 10053 | Lair:4   | Reached skill level 14 in Spellcasting
 10062 | Lair:4   | Found a snail-covered altar of Cheibriados.
 10070 | Lair:4   | Noticed Sonja
 10079 | Lair:4   | Killed Sonja
 10299 | Lair:4   | Offered knowledge of Conjure Ball Lightning by Vehumet.
 10303 | Lair:4   | Reached skill level 15 in Spellcasting
 10350 | Lair:4   | Glimpsed the power of Zot.
 10366 | Lair:5   | Entered Level 5 of the Lair of Beasts
 10444 | Lair:5   | Found a large runed translucent door.
 10445 | Lair:5   | Found a large runed translucent door.
 10624 | Lair:5   | Reached XP level 16. HP: 119/119 MP: 33/36
 10950 | Lair:5   | Glimpsed the power of Zot.
 10999 | Lair:4   | Glimpsed the power of Zot.
 11024 | Slime:1  | Entered Level 1 of the Pits of Slime
 11053 | Slime:1  | Noticed an acid blob
 11056 | Slime:1  | Killed an acid blob
 11081 | Lair:4   | Glimpsed the power of Zot.
 11091 | Lair:4   | Touched by the power of Zot.
 11164 | Swamp:1  | Entered Level 1 of the Swamp
 11235 | Swamp:1  | Offered knowledge of Orb of Destruction by Vehumet.
 11287 | Swamp:1  | Noticed a ghoul
 11296 | Swamp:1  | Noticed a thorn hunter
 11296 | Swamp:1  | Noticed a ghoul
 11302 | Swamp:1  | Killed a thorn hunter
 11305 | Swamp:1  | Killed a ghoul
 11309 | Swamp:1  | Killed a ghoul
 11575 | Swamp:1  | Glimpsed the power of Zot.
 11614 | Swamp:2  | Reached XP level 17. HP: 82/105 MP: 25/37
 11614 | Swamp:2  | Noticed a thorn hunter
 11616 | Swamp:2  | Killed a thorn hunter
 11635 | Swamp:2  | HP: 5/105 [constriction (8)]
 11719 | Swamp:2  | Reached ****** piety under Vehumet
 12114 | Swamp:3  | Noticed Mara
 12125 | Swamp:3  | Killed from afar by a spriggan druid

Illustrated notes

Levels and vault maps discovered:
D:1:      scummos_arrival_simple_crosswalls, layout_basic, minmay_misc_feat_room
D:2:      layout_loops_ring, basic_altar, kennysheep_cross_bottleneck
D:3:      layout_basic, uniq_terence
D:4:      layout_loops_ring, lemuel_temple_firewalk_b
D:5:      layout_loops_ring, minmay_shop_damaged
D:6:      layout_basic, minmay_tree_intersection
D:7:      layout_cave_pools, mainiacjoe_overflow_large_starburst
D:8:      layout_basic, serial_shops, nicolae_stop_n_shop_1, uniq_joseph
D:9:      layout_cave_pools, erik_lair_orcish_takeover, serial_glass,
          glass_columns_c, glass_columns_a, kennysheep_generic_room_3
D:10:     minmay_razor_zed, layout_cave_pools, serial_shops,
          nicolae_shop_bloodbath_and_beyond, uniq_fannar, uniq_urug, uniq_maggie
D:11:     layout_cave_pools, tgw_fedhas
D:12:     layout_layer_cave, david_orc_2, portal_ice_cave_entry_pillars_2,
          nicolae_trove_entry_diagonal
D:13:     layout_rooms, david_vaults_5, minmay_misc_feat_four_crosses
Temple:   mainiacjoe_temple_big_plus
Lair:1:   layout_loops_ring, chequers_serial_rivers_micro_e,
          chequers_serial_rivers_micro_b
Lair:2:   mu_elephants_graveyard, layout_layer_cave, swamp_mist,
          minmay_snake_entry_spellcaster, cheibrodos_lair_caveside_slide,
          uniq_amaemon
Lair:3:   wad_woods_structure_01, layout_regular_city, serial_bayou_shore_b,
          grunt_megastairs_5, uniq_gastronok, uniq_nergalle
Lair:4:   layout_roguey, slime_entry_2, special_room
          [special_room_mythical_zoo], kennysheep_snail_temple,
          grunt_megastairs_3, lemuel_fruit_tree, uniq_sonja, uniq_nessos,
          uniq_josephine
Lair:5:   cheibrodos_lair_end_hotspot, layout_hall_layers,
          chequers_serial_rivers_marsh, hangedman_lair_generics_rect
Swamp:1:  cheibrodos_swamp_tower_of_moss, layout_basic_swamp,
          evilmike_swamp_ruin_rubble_1, swamp_pool3, cheibrodos_swamp_minitomb
Swamp:2:  layout_basic_swamp, serial_swamp_ruin, evilmike_swamp_ruin_house_4,
          hangedman_swamp_ruin_wall
Swamp:3:  layout_basic_swamp, evilmike_swamp_ruin_house_3,
          infiniplex_staircase_pool, uniq_mara
Slime:1:  layout_caves, nicolae_slime_phagocytosis

Skill      XL: |  1  2  3  4  5  6  7  8  9 10 11 12 13 14 15 16 17 |
---------------+----------------------------------------------------+-----
Conjurations   | 5 6 8 10 | 10.0
Spellcasting   | 3 4 5 6 10 11 12 13 15 | 15.1
Translocations | 2 3 4 6 8 |  8.0
Shields        | 2 4 6 |  6.0
Armour         | 2 4 6 7 8 |  8.0
Fighting       | 4 8 10 12 14 | 14.0
Dodging        | 5 9 10 11 14 | 14.0
Earth Magic    | 1 |  1.5
Evocations     | 4 |  4.0
Fire Magic     | 10 | 10.0
Transmutations | 8 9 |  9.8
Air Magic      | 3 8 9 |  9.8
Stealth        | |  1.4

Action                     |  1- 3 |  4- 6 |  7- 9 | 10-12 | 13-15 | 16-18 || total
---------------------------+-------+-------+-------+-------+-------+-------++-------
  Melee: Short sword       |     7 |       |       |       |       |       ||     7
         Dagger            |     2 |     1 |       |     1 |       |       ||     4
         Unarmed           |       |       |       |     1 |       |       ||     1
         Staff             |       |       |       |    27 |    23 |     2 ||    52
   Cast: Magic Dart        |    16 |    22 |     6 |     2 |    49 |     4 ||    99
         Searing Ray       |    15 |     4 |    48 |     5 |       |       ||    72
         Momentum Strike   |       |       |    13 |     8 |     1 |       ||    22
         Blink             |       |       |     6 |     1 |     5 |       ||    12
         Iskenderun's Myst |       |       |    14 |    52 |    43 |    21 ||   130
         Stone Arrow       |       |       |       |   118 |    84 |    18 ||   220
         Iskenderun's Batt |       |       |       |     2 |    43 |    20 ||    65
         Fireball          |       |       |       |       |    28 |     4 ||    32
         Starburst         |       |       |       |       |    29 |     9 ||    38
         Irradiate         |       |       |       |       |    18 |     8 ||    26
         Plasma Beam       |       |       |       |       |    32 |    64 ||    96
  Evoke: Wand              |       |       |       |       |       |     1 ||     1
    Use: Scroll            |       |       |       |     9 |    13 |     6 ||    28
         Potion            |       |       |       |     1 |     1 |     1 ||     3
 Armour: Robe              |     7 |     1 |     3 |       |       |       ||    11
         Ring mail         |       |       |    21 |    47 |    10 |       ||    78
         Troll leather arm |       |       |       |       |   110 |    45 ||   155
  Dodge: Dodged            |    13 |     8 |    26 |    82 |   155 |    47 ||   331
  Block: Buckler           |       |       |    38 |    78 |   106 |    29 ||   251

Table legend: (Time is in decaauts)
 A = Elapsed time spent in this place.
 B = Non-inter-level travel time spent in this place.
 C = Inter-level travel time spent in this place.
 D = Time resting spent in this place.
 E = Time spent auto-exploring this place.
 F = Levels seen in this place.
 G = Mean time per level.
                   A        B        C        D        E       F      G
               +--------+--------+--------+--------+--------+-----+--------+
         Total |  12252 |  11470 |    782 |    208 |   6995 |  24 |  510.5 |
       Dungeon |   7411 |   6949 |    462 |    176 |   4403 |  13 |  570.1 |
        Temple |    411 |    385 |     26 |      0 |    330 |   1 |  411.0 |
          Lair |   3073 |   2812 |    261 |      0 |   1533 |   5 |  614.6 |
         Swamp |   1083 |   1052 |     31 |      0 |    708 |   3 |  361.0 |
    Slime Pits |     47 |     47 |      0 |      0 |      0 |   1 |   47.0 |
      Ice Cave |    224 |    224 |      0 |     32 |     20 |   1 |  224.0 |
               +--------+--------+--------+--------+--------+-----+--------+

Top non-repeatable levels by time:
    D:12: 771 daAuts
    D:10: 745 daAuts
     D:4: 702 daAuts
     D:1: 692 daAuts
     D:8: 686 daAuts
     D:9: 670 daAuts
     D:5: 668 daAuts
  Lair:4: 640 daAuts
  Lair:1: 639 daAuts
  Lair:5: 621 daAuts
  Lair:3: 613 daAuts
    D:11: 605 daAuts
  Lair:2: 559 daAuts
 Swamp:2: 548 daAuts
     D:6: 546 daAuts
